 Dungeon Crawl Stone Soup version 0.19.0-19-g8c6edcc (webtiles) character file.

281267 kuniqs the Covert (level 20, -3/183 HPs)
             Began as a Vine Stalker Necromancer on Nov 14, 2016.
             Was the Champion of Elyvilon.
             Slain by a profane servitor
             ... wielding a +2 demon whip of draining
              (10 damage)
             ... on level 3 of the Abyss.
             The game lasted 02:13:29 (36965 turns).

kuniqs the Covert (Vine Stalker Necromancer)       Turns: 36965, Time: 02:13:29

Health: -3/183     AC: 14    Str: 19    XL:     20   Next: 50%
Magic:  0/40       EV: 13    Int: 20    God:    Elyvilon [******]
Gold:   1267       SH:  8    Dex: 18    Spells: 5 memorised, 19 levels left

rFire  + . .     SeeInvis +     T - +8 quick blade (pierce)
rCold  . . .     Gourm    .     S - +1 robe "Lufero" {rElec rPois rF+ Dex-3}
rNeg   . . .     Faith    .     Q - +0 shield
rPois  +         Spirit   +     F - +3 hat of Pondering {ponderous, MR+ MP+10 Int+5}
rElec  +         Reflect  .     K - +0 cloak {+Inv}
rCorr  .         Harm     .     U - +3 pair of gauntlets of War {Slay+5}
MR     +++..                    k - +2 pair of boots {run}
Stlth  ..........               b - amulet of regeneration
                                l - ring of see invisible
                                N - +5 ring of evasion

@: berserking, very slightly contaminated, starving, hasted, very heavily
drained, very quick
A: fangs 3, regeneration 2, robust 1, magic shield, antimagic bite, no device
heal 3, rot immunity
a: Lesser Healing, Heal Other, Purification, Greater Healing, Divine Vigour,
Divine Protection, Renounce Religion, Evoke Invisibility
}: 2/15 runes: decaying, gossamer


You were on level 3 of the Abyss.
You worshipped Elyvilon.
Elyvilon was exalted by your worship.
You were starving.

You visited 7 branches of the dungeon, and saw 36 of its levels.
You visited the Abyss 1 time.
You visited 1 bazaar.
You also visited: Labyrinth, Bailey, Ice Cave and Volcano.

You collected 3320 gold pieces.
You spent 2053 gold pieces at shops.

Inventory:

Hand Weapons
 T - a +8 quick blade of piercing (weapon)
Missiles
 y - 2 throwing nets (quivered)
Armour
 g - a +1 cloak of magic resistance
 k - a +2 pair of boots of running (worn)
 F - the +3 hat of Pondering (worn) {ponderous, MR+ MP+10 Int+5}
   (You found it in a labyrinth)

   It affects your intelligence (+5).
   It affects your resistance to hostile enchantments.
   It affects your magic capacity (+10).
 K - a +0 cloak of invisibility (worn)
 Q - a +0 shield (worn)
 S - the +1 robe "Lufero" (worn) {rElec rPois rF+ Dex-3}
   (You found it on level 2 of the Swamp)

   It affects your dexterity (-3).
   It protects you from fire.
   It insulates you from electricity.
   It protects you from poison.
 U - the +3 pair of gauntlets of War (worn) {Slay+5}
   (You bought it in a shop on level 2 of the Orcish Mines)

   It affects your accuracy and damage with ranged weapons and melee attacks
   (+5).
Jewellery
 b - an amulet of regeneration (around neck)
 i - an uncursed ring of resist corrosion
 l - a ring of see invisible (right hand)
 I - an uncursed ring of protection from fire
 N - a +5 ring of evasion (left hand)
 O - an uncursed ring of magical power
Wands
 h - a wand of disintegration (7/24)
 r - a wand of digging (9/24)
 v - a wand of confusion (6/48)
 V - a wand of hasting (3/9)
 X - a wand of iceblast (1/15)
 Y - a wand of iceblast (5/15)
Scrolls
 a - 3 scrolls of holy word
 e - 8 scrolls of teleportation
 j - a scroll of silence
 m - 12 scrolls of identify {@r1}
 q - 12 scrolls of remove curse {@r2}
 w - 9 scrolls of magic mapping
 A - a scroll of fear
 B - 6 scrolls of fog
 G - 7 scrolls of recharging
 M - a scroll of immolation
 R - 3 scrolls of blinking
 W - 5 scrolls of enchant armour
Potions
 f - 2 potions of cure mutation
 n - 4 potions of might
 s - 6 potions of flight
 t - a potion of berserk rage
 x - 6 potions of brilliance
 z - 12 potions of curing {@q1}
 D - 2 potions of haste
 E - a potion of invisibility
 H - a potion of lignification
 L - a potion of resistance
 P - 3 potions of agility
Miscellaneous
 J - 2 sacks of spiders
Comestibles
 c - 18 bread rations
 d - 13 beef jerkies
 o - 15 meat rations
 p - 48 fruits


   Skills:
 - Level 14.0(0.0) Fighting
 - Level 8.0(0.0) Short Blades
 - Level 12.6(0.0) Armour
 + Level 13.6(0.0) Dodging
 - Level 14.5(0.0) Stealth
 + Level 11.1(0.0) Shields
 - Level 6.0(0.0) Spellcasting
 - Level 2.1(0.0) Conjurations
 - Level 2.5(0.0) Hexes
 - Level 5.6(0.0) Charms
   Level 4.0(0.0) Necromancy
 - Level 1.9(0.0) Translocations
 - Level 5.0(0.0) Ice Magic
 - Level 2.0(0.0) Air Magic
 - Level 12.0(0.0) Invocations
 - Level 7.0(0.0) Evocations


You had 19 spell levels left.
You knew the following spells:

 Your Spells              Type           Power        Failure   Level  Hunger
a - Ozocubu's Armour      Chrm/Ice       #.......     100%        3    ####...
b - Blink                 Tloc           N/A          99%         2    ###....
c - Swiftness             Chrm/Air       #.......     99%         2    ###....
d - Dazzling Spray        Conj/Hex       #.....       100%        3    ####...
z - Repel Missiles        Chrm/Air       #.....       99%         2    ###....


Dungeon Overview and Level Annotations

Branches:
Dungeon (15/15)            Temple (1/1) D:6            Lair (6/6) D:10
  Swamp (4/4) Lair:3       Spider (4/4) Lair:2        Slime (0/5) Lair:5
    Orc (2/2) D:11            Elf (0/3) Orc:2        Vaults (4/5) D:14
  Crypt (0/3) Vaults:3     Depths (0/5) D:15

Altars:
Ashenzari
Cheibriados
Dithmenos
Elyvilon
Fedhas
Gozag
Hepliaklqana
Kikubaaqudgha
Makhleb
Nemelex Xobeh
Okawaru
Qazlal
Ru
Sif Muna
Trog
Uskayaw
Vehumet
Xom
Yredelemnul
Zin
The Shining One

Shops:
D:4 (   D:5 (   D:15 }   Orc:2 [(*(=

Portals:
Trove: Vaults:1 (show abyssal rune of Zot)

Annotations:
D:5 exclusion: downstairs
D:11 exclusion: oklob plant
Lair:1 1 exclusion


Innate Abilities, Weirdness & Mutations

You have razor-sharp teeth.
You heal very quickly.
When hurt, damage is shared between your health and your magic reserves.
Your bite disrupts and absorbs the magic of your enemies.
Potions and wands cannot restore your health.
You are immune to rotting.
You are robust. (+10% HP)


Message History

You feel drained.
* * * LOW HITPOINT WARNING * * *
The profane servitor barely misses you.
A red film seems to cover your vision as you go berserk!
You feel yourself moving faster!
You feel mighty!
The profane servitor hits you with a demon whip of draining!!
* * * LOW HITPOINT WARNING * * *
The profane servitor draws strength from your injuries!
You feel drained.
* * * LOW HITPOINT WARNING * * *
The profane servitor hits you with a demon whip of draining.
* * * LOW HITPOINT WARNING * * *
You feel drained.
You puncture the profane servitor! Your bite misses the profane servitor.
The profane servitor hits you with a demon whip of draining!
* * * LOW HITPOINT WARNING * * *
The profane servitor draws strength from your injuries!
You feel drained.
The profane servitor hits you with a demon whip of draining!
You die...

#. #.
## # #
.#[# .
.##u#
# .≈#
#ZAA##
$.%#
#.#@#
.# .x
#####
. .. .
#$#.
#). #≈
#. ..
##% .
# . .
.##
..##
... .
#..# .
# . #.
. . #
# . ..


You could see a profane servitor, an angel, a white ugly thing and an ettin
skeleton.

Vanquished Creatures
  Mara (Swamp:3)
  Nikola (Spider:4)
  Arachne (Spider:2)
  A tentacled monstrosity (Swamp:4)
  Rupert (D:12)
  Asterion (Spider:2)
  6 thorn hunters
  Kirke (Lair:3)
  Gastronok (D:10)
  2 deep elf sorcerers (Vaults:3)
  Aizul (Spider:2)
  A frost giant (Vaults:3)
  4 ghost moths
  2 vault wardens (Vaults:1)
  A ghoul (Vaults:1)
  10 emperor scorpions
  6 ironheart preservers
  A juggernaut skeleton (D:15)
  A stone giant (Vaults:2)
  3 very ugly things
  3 entropy weavers
  A deep elf demonologist (Vaults:3)
  Nessos (D:13)
  2 green deaths (Swamp:4)
  A minotaur (Lab)
  2 blizzard demons (IceCv)
  2 fire dragons (Vaults:1)
  7 yaktaur captains
  Erolcha (D:9)
  2 great orbs of eyes
  4 vault guards
  A rakshasa (Vaults:2)
  5 catoblepae
  An ice dragon (Vaults:3)
  11 hydras
  4 ghost crabs
  2 death knights
  4 centaur warriors
  7 alligators
  9 ogre magi
  A deep troll shaman (Vaults:1)
  2 tengu warriors (D:15)
  A queen ant (Spider:4)
  A vampire mage (D:15)
  Urug (D:14)
  20 death yaks
  A deep troll earth mage (Vaults:1)
  An orc high priest (Orc:2)
  The ghost of Shufflesack the Destroyer, a novice DECj of Vehumet (D:9)
  12 skeletal warriors
  5 deep elf knights (Vaults:3)
  4 unseen horrors
  6 deep trolls (Vaults:1)
  A wizard (Vaults:1)
  3 spriggan druids
  10 swamp dragons
  The ghost of Nordron the Transmogrifier, a novice OpTm of Cheibriados (Bailey)
  The ghost of BorisBritva the Ruffian, a novice NaFi of Qazlal (D:5)
  3 hill giants
  6 orc knights
  4 deep elf archers
  10 ironbrand convokers
  2 shambling mangroves
  2 necromancers
  19 orb spiders
  A phantasmal warrior (Vaults:3)
  30 wolf spiders
  2 manticores
  10 vault sentinels
  2 oklob plants (Swamp:2)
  A frost giant zombie (Vaults:1)
  8 ugly things
  2 moths of wrath
  6 cyclopes
  3 ice statues (IceCv)
  A centaur zombie (D:12)
  4 black mambas
  19 elephants
  Maurice (Orc:2)
  5 orange demons (Swamp:4)
  2 torpor snails
  A black mamba (shapeshifter) (Vaults:1)
  A smoke demon (Abyss:3)
  A spiny frog (shapeshifter) (D:15)
  2 gargoyles (D:13)
  20 spiny frogs
  A kobold demonologist (D:14)
  4 centaur skeletons (D:14)
  21 yaktaurs
  A komodo dragon (shapeshifter) (Vaults:1)
  15 demonic crawlers
  6 komodo dragons
  2 anaconda simulacra (IceCv)
  A guardian mummy (Vaults:1)
  9 ice devils (IceCv)
  A meliai (shapeshifter) (Vaults:2)
  A tengu conjurer (D:14)
  An ancient zyme (Abyss:3)
  A jumping spider (shapeshifter) (Vaults:1)
  7 trolls
  A merfolk (shapeshifter) (Vaults:2)
  19 two-headed ogres
  A wind drake (shapeshifter) (Vaults:2)
  30 jumping spiders
  A tengu simulacrum (Vaults:2)
  An ettin zombie (D:15)
  16 hornets
  20 blink frogs
  41 slime creatures
  5 tyrant leeches
  9 bog bodies
  8 hippogriffs
  A hippogriff (shapeshifter) (Vaults:1)
  2 large abominations (Swamp:4)
  A human simulacrum (Vaults:1)
  7 spriggans
  An ettin skeleton (D:15)
  54 redbacks
  29 tarantellas
  A spriggan (shapeshifter) (Vaults:1)
  5 wraiths
  2 water elementals (D:15)
  29 yaks
  A ynoxinul (Abyss:3)
  A fire bat (Volcano)
  A wyvern (D:13)
  5 shadows
  A dire elephant simulacrum (IceCv)
  A steam dragon (D:13)
  A hungry ghost (D:10)
  A neqoxec (Abyss:2)
  A human (shapeshifter) (Vaults:1)
  17 vampire mosquitoes
  3 mottled dragons
  5 harpy simulacra (IceCv)
  14 swamp worms
  3 wargs
  A deep troll zombie (Vaults:1)
  10 insubstantial wisps (Swamp:2)
  A floating eye (shapeshifter) (Vaults:1)
  2 hydra simulacra (IceCv)
  11 water moccasins
  8 soldier ants
  11 swamp drakes
  2 human skeletons
  5 porcupines
  A small abomination (Abyss:2)
  4 ice beasts
  2 phantoms (D:11)
  22 orc warriors
  2 eyes of draining
  A sky beast (D:11)
  3 black bears
  A necrophage (D:10)
  A hornet zombie (D:13)
  8 wolves
  43 ogres
  10 centaurs
  7 crocodiles
  A human zombie (Vaults:1)
  6 big kobolds
  20 bullfrogs
  A wyvern zombie (D:14)
  A deep troll simulacrum (Vaults:3)
  An ogre simulacrum (Vaults:1)
  2 wyvern skeletons
  2 scorpions
  2 troll zombies (D:11)
  5 wights (D:11)
  9 howler monkeys
  4 electric eels
  3 crimson imps
  A lava snake (Volcano)
  2 quasits
  3 hounds
  2 bullfrog skeletons
  4 jellies
  13 orc priests
  18 orc wizards
  4 iguanas
  25 worker ants
  6 ogre zombies (D:11)
  4 worker ant zombies
  Robin (D:3)
  A howler monkey skeleton (D:9)
  12 gnolls
  13 adders
  An ooze (D:4)
  5 adder skeletons
  14 worms
  A dart slug (D:2)
  6 leopard geckos
  69 orcs
  4 bats
  5 giant cockroaches
  11 hobgoblins
  2 jackals (D:7)
  19 kobolds
  3 quokkas
  3 ball pythons
  A ball python skeleton (D:4)
  7 frilled lizards
  19 goblins
  5 goblin zombies (D:11)
  2 hobgoblin skeletons (D:11)
  4 hobgoblin zombies (D:11)
  2 jackal skeletons
  An orc skeleton (D:11)
  13 orc zombies (D:11)
  2 quokka skeletons
  2 rats
  A briar patch (Swamp:3)
  A butterfly (Lair:5)
  A fungus (Swamp:2)
  3 plants
1295 creatures vanquished.

Vanquished Creatures (others)
  A hydra (Swamp:4)
  A deep elf archer (Vaults:3)
  A wolf spider (Spider:4)
  An ironbrand convoker (Vaults:1)
  A redback (Spider:1)
  An orc warrior (Bailey)
  A jelly (Swamp:1)
  A worker ant (Spider:4)
  3 orcs (Bailey)
  A briar patch (Swamp:3)
  A bush (Lair:6)
  9 fungi
  4 plants
  17 toadstools (D:11)
43 creatures vanquished.

Grand Total: 1338 creatures vanquished

Notes
Turn   | Place    | Note
-------+----------+-------------------------------------------
     0 | D:1      | kuniqs the Vine Stalker Necromancer began the quest for the Orb.
     0 | D:1      | Reached XP level 1. HP: 9/9 MP: 4/4
   105 | D:1      | Reached XP level 2. HP: 9/14 MP: 1/6
   317 | D:1      | Learned a level 1 spell: Animate Skeleton
   338 | D:1      | Reached skill level 1 in Fighting
   845 | D:1      | Reached XP level 3. HP: 15/18 MP: 3/7
  1664 | D:3      | Gained mutation: Your natural rate of healing is unusually fast. [Vine Stalker growth]
  1664 | D:3      | Reached XP level 4. HP: 21/23 MP: 4/8
  2045 | D:2      | Reached skill level 1 in Short Blades
  2056 | D:3      | Reached XP level 5. HP: 24/26 MP: 6/9
  2090 | D:3      | Noticed Robin
  2278 | D:3      | Killed Robin
  2619 | D:3      | Reached XP level 6. HP: 25/30 MP: 7/10
  2953 | D:3      | You fall through a shaft for 2 floors!
  2953 | D:5      | Entered Level 5 of the Dungeon
  2990 | D:5      | Found Zeirah's Antique Weapon Shop.
  3090 | D:4      | Found Eddysy's Weapon Shop.
  3569 | D:4      | Found a sacrificial altar of Ru.
  3761 | D:4      | Reached XP level 7. HP: 22/35 MP: 11/11
  4017 | D:4      | Found a bloodstained altar of Trog.
  4151 | D:5      | Found a snail-covered altar of Cheibriados.
  4152 | D:5      | Found a shimmering altar of Xom.
  4293 | D:6      | Found a staircase to the Ecumenical Temple.
  4296 | Temple   | Entered the Ecumenical Temple
  4318 | Temple   | Became a worshipper of Elyvilon the Healer
  4367 | D:6      | Reached skill level 1 in Shields
  4618 | D:6      | HP: 1/35 [ice beast (11)]
  4684 | D:5      | Gained mutation: You have razor-sharp teeth. [Vine Stalker growth]
  4684 | D:5      | Reached XP level 8. HP: 20/39 MP: 8/12
  4754 | D:5      | Reached skill level 5 in Dodging
  4837 | D:5      | Noticed BorisBritva's ghost (novice NaFi)
  4922 | D:5      | Killed BorisBritva's ghost
  4922 | D:5      | Reached skill level 5 in Short Blades
  5415 | D:6      | Reached XP level 9. HP: 32/42 MP: 11/13
  5483 | D:6      | Reached * piety under Elyvilon
  6099 | D:8      | Noticed a manticore
  6139 | D:7      | Found a hide-covered altar of Uskayaw.
  6141 | D:7      | Found a stormy altar of Qazlal.
  6141 | D:7      | Found an ancient bone altar of Kikubaaqudgha.
  6307 | D:7      | Reached skill level 1 in Invocations
  6604 | D:8      | Reached ** piety under Elyvilon
  6723 | D:9      | Found a basalt altar of Yredelemnul.
  6859 | D:9      | Noticed Erolcha
  6881 | D:9      | Killed Erolcha
  6881 | D:9      | Reached XP level 10. HP: 33/46 MP: 4/16
  7089 | D:9      | Found a flagged portal.
  7236 | Bailey   | Entered a bailey
  7277 | Bailey   | Noticed Nordron's ghost (novice OpTm)
  7297 | Bailey   | Got a flickering marble ring
  7321 | Bailey   | Killed Nordron's ghost
  7336 | Bailey   | Identified the ring "Jiych" {MR+ Dex+2} (You found it in a bailey)
  7367 | Bailey   | Noticed an orc knight
  7553 | D:9      | Found a basalt altar of Yredelemnul.
  7616 | D:10     | Entered Level 10 of the Dungeon
  7850 | D:9      | Noticed Shufflesack's ghost (novice DECj)
  7888 | D:10     | Noticed Gastronok
  7893 | D:10     | Found a staircase to the Lair.
  7931 | Lair:1   | Entered Level 1 of the Lair of Beasts
  7964 | Lair:1   | Noticed a spiny frog
  7971 | Lair:1   | Killed a spiny frog
  8123 | Lair:2   | Noticed a spiny frog
  8133 | Lair:1   | Killed a spiny frog
  8192 | Lair:2   | Found a dark tunnel.
  8201 | Volcano  | Entered a volcano
  8220 | Volcano  | Reached *** piety under Elyvilon
  8451 | Lair:1   | Reached XP level 11. HP: 50/50 MP: 18/18
  9104 | Lair:1   | Reached skill level 5 in Stealth
  9281 | Lair:2   | Learned a level 2 spell: Repel Missiles
  9285 | Lair:2   | Learned a level 2 spell: Blink
  9288 | Lair:2   | Found a hole to the Spider Nest.
  9515 | Lair:2   | Reached **** piety under Elyvilon
  9522 | Lair:2   | Noticed a death yak
  9524 | Lair:2   | Noticed a six-headed hydra
  9525 | Lair:2   | Noticed a death yak
  9525 | Lair:2   | Noticed a death yak
  9525 | Lair:2   | Noticed a death yak
  9584 | Lair:1   | Killed a death yak
  9692 | Lair:2   | Noticed a death yak
  9768 | Lair:1   | Killed a death yak
  9944 | Lair:1   | Killed a death yak
  9944 | Lair:1   | Reached skill level 1 in Charms
  9944 | Lair:1   | Reached skill level 1 in Air Magic
  9993 | Lair:1   | Killed a death yak
  9993 | Lair:1   | Reached skill level 1 in Translocations
 10054 | Lair:1   | Killed a death yak
 10054 | Lair:1   | Gained mutation: You heal very quickly. [Vine Stalker growth]
 10054 | Lair:1   | Reached XP level 12. HP: 48/56 MP: 19/19
 10436 | Lair:3   | Noticed a seven-headed hydra
 10440 | Lair:3   | Pacified a seven-headed hydra
 10441 | Lair:3   | Found a staircase to the Swamp.
 10754 | Lair:4   | Noticed a five-headed hydra
 10767 | Lair:4   | Elyvilon protects you from harm!
 10774 | Lair:4   | Pacified a five-headed hydra
 10774 | Lair:4   | Reached skill level 10 in Stealth
 11053 | Lair:2   | Reached skill level 5 in Fighting
 11055 | Lair:2   | Pacified a six-headed hydra
 11253 | Lair:4   | Noticed Kirke
 11291 | Lair:3   | Killed Kirke
 11746 | Lair:4   | Reached skill level 1 in Armour
 12227 | Lair:4   | Reached ***** piety under Elyvilon
 12271 | Lair:5   | Found a staircase to the Slime Pits.
 12417 | Lair:5   | Reached XP level 13. HP: 69/69 MP: 20/20
 12515 | Lair:6   | Entered Level 6 of the Lair of Beasts
 13674 | Lair:6   | Reached skill level 5 in Armour
 13721 | Lair:5   | Reached skill level 10 in Fighting
 14053 | Lair:6   | Got a dazzling lajatang
 14658 | Lair:6   | Reached XP level 14. HP: 70/77 MP: 21/21
 15320 | D:10     | Found a hazy altar of Hepliaklqana.
 15327 | D:10     | Killed Gastronok
 15468 | D:10     | Identified a scroll of acquirement
 15623 | D:11     | Found a labyrinth entrance.
 15654 | Lab      | Entered a labyrinth
 16199 | Lab      | Identified the Almanac of Translocation and Attacks
 16201 | Lab      | JESUS
 16217 | Lab      | Learned a level 2 spell: Swiftness
 16224 | D:11     | Got a jewelled hat
 16225 | D:11     | Identified the +1 hat "Mexatz" {rF+ Stlth+} (You acquired it on level 11 of the Dungeon)
 16263 | D:11     | Identified a +0 pair of boots of running (You acquired it on level 11 of the Dungeon)
 16281 | D:11     | Got a brightly glowing hat
 16292 | D:11     | Identified the +5 hat "Duatoj" {rPois rN+ Dex-2 Stlth+} (You acquired it on level 11 of the Dungeon)
 17280 | D:11     | Found a staircase to the Orcish Mines.
 17757 | D:11     | Found a blossoming altar of Fedhas.
 18579 | D:12     | Noticed Rupert
 18601 | D:12     | Killed Rupert
 19090 | D:13     | Reached ****** piety under Elyvilon
 19310 | D:13     | Reached XP level 15. HP: 71/85 MP: 22/22
 19335 | D:14     | Reached skill level 1 in Evocations
 19339 | D:14     | Noticed Urug
 19379 | D:14     | Killed Urug
 19567 | D:13     | Noticed Nessos
 19571 | D:13     | Killed Nessos
 19936 | D:14     | Gained mutation: You are robust. (+10% HP) [potion of beneficial mutation]
 20234 | D:14     | Reached skill level 10 in Armour
 20382 | D:14     | Found a gate to the Vaults.
 20425 | D:15     | Entered Level 15 of the Dungeon
 20758 | D:15     | Found a shattered altar of Ashenzari.
 21021 | D:15     | Found a staircase to the Depths.
 21292 | D:15     | Found Unoycuec's Gadget Emporium.
 21582 | D:15     | Reached skill level 5 in Evocations
 21942 | D:9      | Killed Shufflesack's ghost
 21993 | Orc:1    | Entered Level 1 of the Orcish Mines
 22008 | Orc:2    | Entered Level 2 of the Orcish Mines
 22493 | Orc:1    | You fall through a shaft!
 22591 | Orc:2    | Found Fan Piod's Antique Armour Shoppe.
 22599 | Orc:2    | Bought the +3 pair of gauntlets of War {Slay+5} for 1377 gold pieces
 22642 | Orc:2    | Found a staircase to the Elven Halls.
 22656 | Orc:2    | Noticed Maurice
 22668 | Orc:2    | Killed Maurice
 22876 | Orc:2    | Reached XP level 16. HP: 101/101 MP: 23/23
 22894 | Orc:2    | Found Moj Soaf's Weapon Boutique.
 22894 | Orc:2    | Found Bosto's Weapon Emporium.
 22895 | Orc:2    | Found Suufuac's General Store.
 22895 | Orc:2    | Found Edawael's Jewellery Shop.
 23316 | Swamp:1  | Entered Level 1 of the Swamp
 23499 | Swamp:2  | Noticed a thorn hunter
 23504 | Swamp:2  | Noticed a thorn hunter
 23527 | Swamp:2  | Killed a thorn hunter
 23548 | Swamp:2  | Killed a thorn hunter
 23599 | Swamp:2  | Noticed a thorn hunter
 23621 | Swamp:2  | Killed a thorn hunter
 23703 | Swamp:4  | Entered Level 4 of the Swamp
 23758 | Swamp:4  | Noticed a thorn hunter
 23784 | Swamp:4  | Killed a thorn hunter
 24117 | Swamp:4  | Found a frozen archway.
 24130 | IceCv    | Entered an ice cave
 24503 | IceCv    | Identified the +3 ring mail "Xithob" {*Corrode rElec MR++ Stlth+} (You found it in an ice cave)
 25203 | Swamp:4  | Reached XP level 17. HP: 82/106 MP: 24/24
 25235 | Swamp:4  | Noticed a tentacled monstrosity
 25284 | Swamp:4  | Killed a tentacled monstrosity
 25336 | Swamp:4  | Got a decaying rune of Zot
 25747 | Swamp:3  | Noticed Mara
 25776 | Swamp:3  | Noticed kuniqs's illusion
 25825 | Swamp:3  | Killed Mara
 25825 | Swamp:3  | Reached skill level 10 in Invocations
 26804 | Swamp:2  | Learned a level 3 spell: Ozocubu's Armour
 26808 | Swamp:2  | Identified the cursed +1 robe "Lufero" {rElec rPois rF+ Dex-3} (You found it on level 2 of the Swamp)
 27261 | Swamp:1  | Reached skill level 10 in Dodging
 28083 | Spider:1 | Entered Level 1 of the Spider Nest
 28134 | Spider:1 | Reached skill level 1 in Ice Magic
 28421 | Spider:1 | Reached XP level 18. HP: 112/112 MP: 27/27
 29287 | Spider:2 | Noticed Aizul
 29391 | Spider:2 | Killed Aizul
 29517 | Spider:2 | Noticed Arachne
 29526 | Spider:2 | Noticed Asterion
 29753 | Spider:2 | Killed Asterion
 29775 | Spider:2 | Killed Arachne
 30134 | Spider:3 | Identified the +1 leather armour of the Good {rF+} (You found it on level 3 of the Spider Nest)
 30147 | Spider:4 | Entered Level 4 of the Spider Nest
 30167 | Spider:4 | Reached skill level 5 in Charms
 30334 | Spider:3 | Learned a level 3 spell: Dazzling Spray
 30456 | Spider:3 | Reached skill level 1 in Hexes
 30719 | Spider:3 | Reached skill level 1 in Conjurations
 30996 | Spider:4 | Reached skill level 5 in Shields
 31011 | Spider:4 | Noticed Nikola
 31032 | Spider:4 | Killed Nikola
 31045 | Spider:4 | Reached skill level 5 in Ice Magic
 31672 | Spider:4 | Reached skill level 5 in Spellcasting
 31894 | Spider:4 | Reached XP level 19. HP: 104/116 MP: 29/29
 32496 | Spider:4 | Got a gossamer rune of Zot
 32822 | Vaults:1 | Entered Level 1 of the Vaults
 33642 | Vaults:1 | Found a portal to a secret trove of treasure.
 34852 | Vaults:3 | Reached XP level 20. HP: 108/122 MP: 30/30
 34922 | Vaults:3 | Reached skill level 10 in Shields
 34967 | Vaults:3 | Found a flickering gateway to a bazaar.
 34975 | Bazaar   | Entered a bazaar
 34989 | Bazaar   | Found Lass's Distillery.
 34989 | Bazaar   | Found Zaeps's Weapon Shoppe.
 35010 | Bazaar   | Found Cuizag's Magic Scroll Emporium.
 35010 | Bazaar   | Found Jeipt's General Store.
 35020 | Bazaar   | Bought a scroll of blinking for 97 gold pieces
 35020 | Bazaar   | Bought a scroll of identify for 26 gold pieces
 35020 | Bazaar   | Bought a scroll of identify for 26 gold pieces
 35020 | Bazaar   | Bought a scroll of identify for 26 gold pieces
 35031 | Bazaar   | Found Sakyam's Armour Shoppe.
 35046 | Bazaar   | Found Tuewo's Gadget Shoppe.
 35097 | Bazaar   | Bought a scroll of recharging for 142 gold pieces
 35097 | Bazaar   | Bought a scroll of recharging for 142 gold pieces
 35097 | Bazaar   | Bought a potion of might for 60 gold pieces
 35103 | Bazaar   | Bought a scroll of magic mapping for 45 gold pieces
 35123 | Bazaar   | Bought a potion of agility for 56 gold pieces
 35123 | Bazaar   | Bought a potion of might for 56 gold pieces
 36485 | Vaults:3 | Found a staircase to the Crypt.
 36485 | Vaults:3 | Found an ancient bone altar of Kikubaaqudgha.
 36485 | Vaults:3 | Found a basalt altar of Yredelemnul.
 36677 | Vaults:3 | Cast into level 2 of the Abyss (ironbrand convoker)
 36900 | Abyss:3  | Noticed a profane servitor
 36965 | Abyss:3  | HP: 7/183 [profane servitor/demon whip of draining (8)]
 36965 | Abyss:3  | Slain by a profane servitor

Skill      XL: |  1  2  3  4  5  6  7  8  9 10 11 12 13 14 15 16 17 18 19 20 |
---------------+-------------------------------------------------------------+-----
Fighting       | 1 2 3 8 10 12 13 14 | 14.0
Dodging        | 2 3 4 6 7 9 10 11 12 13 | 13.6
Short Blades   | 1 2 3 4 6 8 |  8.0
Shields        | 2 4 6 9 11 | 11.1
Invocations    | 6 9 11 12 | 12.0
Stealth        | 8 10 13 14 | 14.5
Charms         | 1 3 5 |  5.6
Air Magic      | 2 |  2.0
Translocations | 1 |  1.9
Armour         | 2 7 9 10 12 | 12.6
Evocations     | 6 7 |  7.0
Ice Magic      | 2 5 |  5.0
Spellcasting   | 3 5 6 |  6.0
Hexes          | 2 |  2.5
Conjurations   | 2 |  2.1
Necromancy     | |  4.0

Action                   |  1- 3 |  4- 6 |  7- 9 | 10-12 | 13-15 | 16-18 | 19-21 || total
-------------------------+-------+-------+-------+-------+-------+-------+-------++-------
Melee: Dagger            |    47 |   232 |   357 |   898 |   856 |       |       ||  2390
       Bite              |     9 |    63 |   125 |   383 |  1071 |  1014 |   631 ||  3296
       Quick blade       |       |       |       |       |  1596 |  2512 |  1500 ||  5608
Throw: Tomahawk          |       |       |       |     2 |     3 |       |       ||     5
 Cast: Pain              |    28 |    21 |       |       |       |       |       ||    49
       Animate Skeleton  |       |     3 |       |       |       |       |       ||     3
       Repel Missiles    |       |       |       |     1 |     3 |     5 |     4 ||    13
       Ozocubu's Armour  |       |       |       |       |       |    19 |    16 ||    35
       Dazzling Spray    |       |       |       |       |       |    14 |    12 ||    26
       Swiftness         |       |       |       |       |       |       |     1 ||     1
Invok: Lesser Healing    |       |       |     3 |     2 |     3 |     4 |     5 ||    17
       Heal Other        |       |       |       |     8 |     1 |     2 |       ||    11
       Greater Healing   |       |       |       |     1 |     7 |     7 |    11 ||    26
       Purification      |       |       |       |       |     3 |     1 |     1 ||     5
 Abil: Evoke Invisibilit |       |       |       |       |       |       |     2 ||     2
       Turn Visible      |       |       |       |       |       |       |     1 ||     1
Evoke: Wand              |       |       |     2 |     2 |    10 |     6 |     1 ||    21
       Sack of spiders   |       |       |       |       |       |     2 |       ||     2
  Use: Scroll            |     1 |     3 |    10 |    15 |    23 |    10 |     6 ||    68
       Potion            |       |     1 |     3 |     2 |     1 |     2 |     2 ||    11
 Stab: Sleeping          |     4 |     2 |     2 |    12 |    40 |    48 |    23 ||   131
       Distracted        |       |       |       |     3 |     4 |     5 |     8 ||    20
       Petrifying        |       |       |       |       |     5 |       |       ||     5
       Petrified         |       |       |       |       |    10 |       |       ||    10
       Confused          |       |       |       |       |     6 |     1 |     1 ||     8
       Paralysed         |       |       |       |       |     2 |       |       ||     2
       Held in net/web   |       |       |       |       |       |     1 |       ||     1
       Invisible         |       |       |       |       |       |       |     6 ||     6
  Eat: Chunk             |     3 |     7 |     8 |    23 |    32 |    12 |    11 ||    96
       Royal jelly       |       |       |     1 |       |     2 |     3 |       ||     6
       Pizza             |       |       |       |       |     2 |     1 |       ||     3
       Meat ration       |       |       |       |       |       |     4 |     2 ||     6
Armor: Robe              |    12 |    37 |    27 |    79 |       |   180 |   139 ||   474
       Ring mail         |       |       |       |    12 |   298 |       |       ||   310
       Skin              |       |       |       |     5 |       |       |       ||     5
       Troll leather arm |       |       |       |       |    24 |   165 |       ||   189
Dodge: Dodged            |    28 |   160 |   175 |   452 |   782 |  1216 |   644 ||  3457
       Deflected         |       |       |       |       |     7 |    12 |     9 ||    28
Block: Buckler           |       |     4 |    59 |   174 |   296 |   426 |   195 ||  1154
       Reflection        |       |       |       |       |       |     7 |     9 ||    16
       Shield            |       |       |       |       |       |       |   123 ||   123
